 Dungeon Crawl Stone Soup version 0.31-a0-239-g0a1456f148 (webtiles) character file.

Game seed: 2469096587055388452

960 qw the Shooter (level 8, 0/49 HPs)
             Began as a Gargoyle Hexslinger on July 11, 2023.
             Was an Initiate of Okawaru.
             Shot with an arrow by a centaur (3 damage)
             ... on level 6 of the Dungeon.
             The game lasted 00:01:33 (3582 turns).

qw the Shooter (Gargoyle Hexslinger)                Turns: 3582, Time: 00:01:34

Health: 0/49       AC: 13    Str: 12    XL:     8   Next: 14%
Magic:  9/9        EV: 11    Int: 14    God:    Okawaru [......]
Gold:   115        SH:  5    Dex: 20    Spells: 8/9 levels left

rFire   + . .        Y - +5 sling
rCold   . . .        (no shield)
rNeg    + . .        m - +0 ring mail
rPois   inf          n - +2 helmet
rElec   +            (no cloak)
rCorr   .            (no gloves)
SInv    .            (no boots)
Will    .....        d - amulet of reflection
Stlth   +            c - ring of protection from fire
HPRegen 0.28/turn    k - +6 ring of dexterity
MPRegen 0.11/turn

%: reflection
@: about to teleport
A: sickness immunity, AC +5, negative energy resistance 1, electricity
resistance, torment resistance 1, petrification resistance
a: Renounce Religion


You were on level 6 of the Dungeon.
You worshipped Okawaru.
Okawaru was noncommittal.
You visited 1 branch of the dungeon, and saw 6 of its levels.

You collected 234 gold pieces.
You spent 119 gold pieces at shops.


Innate Abilities, Weirdness & Mutations

You are immune to sickness and miasma.
Your stone body is resilient. (AC +5)
You are immune to poison.
You resist negative energy. (rN+)
You are resistant to electric shocks. (rElec)
You are resistant to unholy torment.
You are immune to petrification.


   Skills:
 - Level 5.0 Fighting
 + Level 7.8 Ranged Weapons
 - Level 1.0 Armour
 - Level 2.0 Dodging
 - Level 1.0 Spellcasting
 - Level 2.6 Hexes


You had 8 spell levels left.
You knew the following spells:

 Your Spells              Type           Power      Damage    Failure   Level
a - Slow                  Hex            32%        N/A       21%         1

Your spell library contained the following spells:

 Spells                   Type           Power      Damage    Failure   Level
 Inner Flame              Hex/Fire       4%         N/A       71%         3
 Portal Projectile        Hex/Tloc       8%         N/A       71%         3
 Cause Fear               Hex            4%         N/A       89%         4

Inventory:

Hand Weapons
 Y - a +5 sling (weapon)
Armour
 m - a +0 ring mail (worn)
 n - a +2 helmet (worn)
Jewellery
 c - a ring of protection from fire (left hand)
 d - an amulet of reflection (around neck)
 k - a +6 ring of dexterity (right hand)
 o - a +6 ring of strength
Scrolls
 e - 2 scrolls of teleportation
Potions
 a - a potion of heal wounds {unknown}
 f - a potion of resistance
 g - a potion of enlightenment {unknown}
 h - a potion of might {unknown}
 i - a potion of invisibility {unknown}
 j - a potion of mutation {unknown}
 l - a potion of haste

Dungeon Overview and Level Annotations

Branches:
Dungeon (6/15)             Temple (0/1) D:4

Altars:
Elyvilon
Kikubaaqudgha
Okawaru
Ru
Xom

Shops:
D:4 *   D:5 *

Annotations:
D:4 3 runed translucent doors, qw's ghost, amateur MiHs
D:6 Edmund


Message History

The gnoll hits you from afar with a +1 halberd of venom!
3576 ||| READING 4 scrolls of teleportation.
As you read the scroll of teleportation, it crumbles to dust.
You feel strangely unstable.
The gnoll is no longer moving quickly.
The white imp hits you but does no damage.
You block the gnoll's attack. The gnoll hits you but does no damage.
You shoot a sling bullet. The sling bullet hits the gnoll.
The gnoll is heavily wounded.
The white imp hits you but does no damage.
The gnoll closely misses you. The gnoll barely misses you.
You block the white imp's attack.
You shoot a sling bullet. The sling bullet hits the gnoll.
The gnoll is almost dead.
The gnoll hits you with a +0 whip. The gnoll barely misses you.
The white imp closely misses you.
You shoot a sling bullet. The sling bullet hits the gnoll!
You kill the gnoll!
Okawaru accepts your kill. The gnoll closely misses you.
You block the white imp's attack.
You shoot a sling bullet.
The sling bullet closely misses the white imp.
Your surroundings suddenly seem different.
Edmund, a centaur and 2 orcs come into view.
Edmund is wielding a +0 flail of holy wrath.
Found a scroll of enchant weapon.
Found a stone staircase leading down.
The centaur shouts!
Edmund shouts!
The orc shouts! x2
The centaur wields a +0 orcbow.
The centaur shoots an arrow.
The arrow closely misses you.
The centaur shoots an arrow.
The arrow closely misses you.
You hear a shout!
3581 ||| READING 3 scrolls of teleportation.
As you read the scroll of teleportation, it crumbles to dust.
You feel strangely unstable.
The centaur shoots an arrow.
The arrow hits you.
A wight comes into view. It is wielding a +1 short sword.
You shoot a sling bullet. The sling bullet hits Edmund.
Edmund is lightly wounded.
The centaur shoots an arrow.
The arrow hits you.
You die...

........##
.........#
.........#
..?......#
.........#
....o....
#.......####
.......@...#
#...>.@....#
......o....#
z......c...#
...........#
###........#
#........#
#........#


You could see Edmund, a centaur, a wight and 2 orcs.

Vanquished Creatures
  Grinder (D:3)
  An ice beast (D:5)
  A black bear (D:4)
  A scorpion (D:5)
  A jelly (D:4)
  A gnoll bouda (D:6)
  A hound (D:6)
  Jessica (D:2)
  Terence (D:3)
  3 iguanas
  An orc wizard (D:4)
  Robin (D:2)
  6 gnolls
  10 adders
  A white imp (D:5)
  An ufetubus (D:5)
  A worm (D:2)
  2 dart slugs
  14 orcs
  4 ball pythons
  7 endoplasms
  A giant cockroach (D:3)
  16 goblins
  7 hobgoblins
  6 kobolds
  2 quokkas
  6 bats
  3 frilled lizards
  6 rats
107 creatures vanquished.

Notes
Turn   | Place    | Note
-------+----------+-------------------------------------------
     0 | D:1      | qw the Gargoyle Hexslinger began the quest for the Orb.
     0 | D:1      | Reached XP level 1. HP: 12/12 MP: 2/2
     0 | D:1      | 0 ||| qw: Version: 0.3-a-52-g30416fa
     0 | D:1      | 0 ||| qw: Game counter: 5914
     0 | D:1      | 0 ||| qw: Melee chars always use a shield: true
     0 | D:1      | 0 ||| qw: God list: Okawaru
     0 | D:1      | 0 ||| qw: Allow faded altars: false
     0 | D:1      | 0 ||| qw: Do Orc after clearing Dungeon:15 true
     0 | D:1      | 0 ||| qw: Do second Lair branch before Depths: true
     0 | D:1      | 0 ||| qw: Lair rune preference: random
     0 | D:1      | 0 ||| qw: Goals: Normal
     0 | D:1      | 0 ||| PLANNING D:1-11
   139 | D:1      | Reached XP level 2. HP: 14/16 MP: 3/3
   214 | D:1      | Reached skill level 3 in Ranged Weapons
   620 | D:1      | 620 ||| UPGRADING to amulet of reflection.
   625 | D:1      | 625 ||| UPGRADING to +6 ring of strength.
   626 | D:1      | 626 ||| UPGRADING to +6 ring of dexterity.
   627 | D:1      | 627 ||| READING scroll labelled WEBUTE RUUL.
   628 | D:1      | 628 ||| READING 2 scrolls labelled WYOGHI RURPH.
   629 | D:1      | 629 ||| DRINKING 2 inky potions.
   630 | D:1      | 630 ||| DROPPING scroll of poison.
   631 | D:1      | 631 ||| DROPPING potion of brilliance.
   632 | D:1      | 632 ||| DROPPING scroll of fear.
   759 | D:2      | Reached XP level 3. HP: 21/21 MP: 4/4
   901 | D:2      | Noticed Jessica
   904 | D:2      | Killed Jessica
   905 | D:2      | Reached XP level 4. HP: 26/26 MP: 5/5
  1016 | D:2      | Reached skill level 4 in Ranged Weapons
  1219 | D:2      | Noticed Robin
  1224 | D:2      | Killed Robin
  1312 | D:2      | 1312 ||| UPGRADING to +0 ring mail.
  1322 | D:2      | 1322 ||| DROPPING +0 robe.
  1323 | D:2      | 1323 ||| UPGRADING to +2 helmet.
  1328 | D:2      | 1328 ||| READING 4 scrolls labelled GEC HAINYFF.
  1329 | D:2      | 1329 ||| READING 3 scrolls of enchant weapon.
  1329 | D:2      | 1329 ||| ENCHANTING +2 sling.
  1330 | D:2      | 1330 ||| READING 2 scrolls of enchant weapon.
  1330 | D:2      | 1330 ||| ENCHANTING +3 sling.
  1331 | D:2      | 1331 ||| READING scroll of enchant weapon.
  1331 | D:2      | 1331 ||| ENCHANTING +4 sling.
  1332 | D:2      | 1332 ||| READING scroll labelled ESTRINL TISEHIMN.
  1337 | D:2      | 1337 ||| READING scroll labelled COHUNI ZIMIONK.
  1338 | D:2      | 1338 ||| READING scroll labelled UCAUTHR WEQOS.
  1391 | D:3      | Reached skill level 1 in Armour
  1391 | D:3      | Reached XP level 5. HP: 30/30 MP: 6/6
  1529 | D:3      | Noticed Terence
  1541 | D:3      | Killed Terence
  1542 | D:3      | Reached skill level 5 in Ranged Weapons
  1632 | D:3      | Found a shimmering altar of Xom.
  1650 | D:3      | Found a sacrificial altar of Ru.
  1724 | D:3      | Found a faded altar of an unknown god.
  1791 | D:3      | Noticed Grinder
  1799 | D:3      | Paralysed by Grinder for 5 turns
  1804 | D:3      | Killed Grinder
  1805 | D:3      | Reached XP level 6. HP: 19/40 MP: 7/7
  1848 | D:3      | 1848 ||| FLEEEEING.
  2176 | D:3      | 2176 ||| UPGRADING to ring of protection from fire.
  2193 | D:4      | Reached XP level 7. HP: 44/44 MP: 8/8
  2224 | D:4      | Reached skill level 6 in Ranged Weapons
  2345 | D:4      | Found a runed translucent gate.
  2345 | D:4      | Noticed qw's ghost (amateur MiHs)
  2346 | D:4      | Found a runed translucent gate.
  2348 | D:4      | Found a runed translucent gate.
  2358 | D:4      | Identified the +5 chain mail of Quipted {Str+2 Dex+4}
  2421 | D:4      | Found Ratub's Assorted Antiques.
  2427 | D:4      | 2427 ||| BUYING fizzy pink potion (22 gold).
  2427 | D:4      | Bought a fizzy pink potion for 22 gold pieces
  2427 | D:4      | 2427 ||| BUYING glowing purple potion (22 gold).
  2427 | D:4      | Bought a glowing purple potion for 22 gold pieces
  2427 | D:4      | 2427 ||| BUYING scroll of teleportation (75 gold).
  2427 | D:4      | Bought a scroll of teleportation for 75 gold pieces
  2429 | D:4      | Found an iron altar of Okawaru.
  2430 | D:4      | 2430 ||| PLANNING OKAWARU WORSHIP
  2430 | D:4      | 2430 ||| DRINKING 2 glowing purple potions.
  2438 | D:4      | Became a worshipper of Warmaster Okawaru
  2439 | D:4      | 2439 ||| PLANNING D:1-11
  2504 | D:4      | Found a staircase to the Ecumenical Temple.
  2774 | D:4      | 2774 ||| READING scroll labelled UQIERE SOEGIOX.
  2775 | D:4      | 2775 ||| READING scroll labelled NENUDGH IFEL.
  2776 | D:4      | 2776 ||| READING scroll labelled ISEALA ALOUM.
  2783 | D:5      | Entered Level 5 of the Dungeon
  2810 | D:5      | Found a white marble altar of Elyvilon.
  2968 | D:5      | Reached skill level 7 in Ranged Weapons
  2988 | D:5      | Found Giq Emi's Elemental Accessories.
  3134 | D:5      | Found an ancient bone altar of Kikubaaqudgha.
  3209 | D:5      | Reached XP level 8. HP: 49/49 MP: 9/9
  3463 | D:5      | 3463 ||| READING scroll labelled REMIKU SUAXT.
  3464 | D:5      | 3464 ||| DRINKING 2 red potions.
  3499 | D:5      | 3499 ||| DRINKING 2 glowing clear potions.
  3500 | D:5      | 3500 ||| DROPPING potion of lignification.
  3559 | D:6      | 3559 ||| Stepping ~*~*~tactically~*~*~ (outnumbered).
  3575 | D:6      | HP: 7/49 [gnoll/+1 halberd of venom[a gnoll bouda] (13)]
  3576 | D:6      | 3576 ||| READING 4 scrolls of teleportation.
  3580 | D:6      | Noticed Edmund
  3581 | D:6      | 3581 ||| READING 3 scrolls of teleportation.
  3581 | D:6      | HP: 3/49 [centaur/arrow (3)]
  3582 | D:6      | Shot with an arrow by a centaur

Levels and vault maps discovered:
D:1:      kennysheep_arrival_forest, layout_loops_ring
D:2:      minmay_spotlight, layout_loops_ring, uniq_robin, uniq_jessica
D:3:      layout_loops_ring, mainiacjoe_overflow_big_doors,
          hellmonk_ecumenical_altar_inner_sanctum, uniq_terence, uniq_grinder
D:4:      kennysheep_big_flooded_room, layout_cave_pools,
          okawaru_metal_pillars_1_2, temple_green, biasface_ghost_orc_armoury,
          serial_shops, shop
D:5:      layout_loops_ring, kiku_gazebo_pond_becter, elyvilon_altar_4,
          nicolae_elemental_shop, kennysheep_generic_room_10
D:6:      layout_rooms, uniq_edmund, uniq_blork_the_orc, uniq_pikel

Skill      XL: |  1  2  3  4  5  6  7 |
---------------+----------------------+-----
Ranged Weapons | 3 4 5 7 |  7.8
Fighting       | 2 5 |  5.0
Armour         | 1 |  1.0
Dodging        | 2 |  2.0
Spellcasting   | |  1.0
Hexes          | |  2.6

Action                     |  1- 3 |  4- 6 |  7- 9 || total
---------------------------+-------+-------+-------++-------
   Fire: Sling             |    74 |   140 |   139 ||   353
    Use: Scroll            |     2 |     7 |     6 ||    15
         Potion            |     1 |       |     3 ||     4
 Armour: Robe              |    11 |     2 |       ||    13
         Ring mail         |       |    34 |    52 ||    86
  Dodge: Dodged            |    10 |    32 |    56 ||    98
  Block: Other             |     3 |    18 |    22 ||    43
         Reflection        |       |       |     1 ||     1

Table legend:
 A = Non-vault XP
 B = Vault XP
 C = Vault XP percentage of total XP
 D = Non-vault monster count
 E = Vault monster count
 F = Vault count percentage of total count
                 A         B        C        D         E       F
            +---------+---------+-------+---------+---------+-------
      Total |     963 |     409 |  29.8 |      87 |      20 |  18.7
            +---------+---------+-------+---------+---------+-------
        D:1 |      22 |       0 |   0.0 |      13 |       0 |   0.0
        D:2 |      51 |      75 |  59.5 |      13 |      15 |  53.6
        D:3 |     149 |     317 |  68.0 |      26 |       2 |   7.1
        D:4 |     290 |      15 |   4.9 |      18 |       2 |  10.0
        D:5 |     342 |       2 |   0.6 |      13 |       1 |   7.1
        D:6 |     109 |       0 |   0.0 |       4 |       0 |   0.0
            +---------+---------+-------+---------+---------+-------
